Cogmind - Beta 15 @@@ ROGUE MODE // 2025.10.14 @ 00:33:17 Player: Bean Result: Destroyed by S-10 Pest with Light Assault Rifle Performance ------------- Evolutions (1) 500 Regions Visited (3) 600 Robots Destroyed (22) 110 Value Destroyed (440) 440 Prototype IDs (0) 0 Alien Tech Used (0) 0 Bonus (0) 0 TOTAL SCORE: 1650 Bonus ------- None Cogmind --------- Core Integrity 0/400 Matter 234/300 Energy 234/250 System Corruption 0% Temperature Cool (0) Movement Core (250) Ox4 Location -9/Materials Parts ------- > --- POWER (1) -------- Ion Engine > --- PROPULSION (4) --- (None) > --- UTILITY (2) ------ Improved Heat Sink Small Storage Unit > --- WEAPON (2) ------- Assault Rifle > --- INVENTORY (8) ---- Cooling System Sensor Array Signal Interpreter Improved Terrain Scanner Peak State ------------ > --- POWER ------------ Light Ion Engine > --- PROPULSION ------- Aluminum Leg Aluminum Leg > --- UTILITY ---------- Small Storage Unit Improved Terrain Scanner > --- WEAPON ----------- Medium Laser Mining Laser > --- INVENTORY -------- Improved Heat Sink Cooling System Sensor Array Signal Interpreter Small Laser Assault Rifle Light Assault Rifle [Rating: 10] Favorites ----------- Power Light Ion Engine Engine Light Ion Engine Propulsion Aluminum Leg Leg Aluminum Leg Wheel Wheel Utility Small Storage Unit Device Improved Terrain Scanner Storage Small Storage Unit Weapon Medium Laser Energy Gun Medium Laser Ballistic Gun Assault Rifle Special Weapon Mining Laser Build | -11 -10 -10 -9 ------- Run | Yrd Mat Min Mat Slots Evolved 2 | . . . 2 Power . | . . . . Propulsion 2 | . . . 2 Utility . | . . . . Weapon . | . . . . Parts Attached 16 | 7 2 . 7 Power 3 | 1 . . 2 Engine 3 | 1 . . 2 Core . | . . . . Reactor . | . . . . Propulsion 4 | 2 . . 2 Treads . | . . . . Leg 2 | 2 . . . Wheel 2 | . . . 2 Hover . | . . . . Flight . | . . . . Utility 4 | 2 . . 2 Device 3 | 1 . . 2 Storage 1 | 1 . . . Processor . | . . . . Hackware . | . . . . Protection . | . . . . Artifact . | . . . . Weapon 5 | 2 2 . 1 Energy Gun 2 | 1 1 . . Energy Cannon . | . . . . Ballistic Gun 2 | 1 1 . . Ballistic Cannon . | . . . . Launcher . | . . . . Special Weapon 1 | . . . 1 Impact Weapon . | . . . . Slashing Weapon . | . . . . Piercing Weapon . | . . . . Special Melee Weapon . | . . . . Unidentified Prototypes . | . . . . Parts Lost 10 | . . . 10 Power 2 | . . . 2 Propulsion 4 | . . . 4 Utility . | . . . . Weapon 4 | . . . 4 Highest Loss Streak 4 | . . . 4 To Critical Strikes . | . . . . Average Backups 5 | 2 3 4 6 Power . | 1 1 1 . Propulsion . | . . . . Utility 2 | . . . 3 Weapon 2 | 1 2 3 2 Tool/Special . | . . . . Unused Backups 3 | . . . 3 Power . | . . . . Propulsion . | . . . . Utility 3 | . . . 3 Weapon . | . . . . Tool/Special . | . . . . Average Slot Usage (%) 79 | . 100 100 73 Engine 11 | . 14 14 10 Leg 20 | . 28 28 17 Wheel 1 | . . . 1 Device 11 | . 14 14 10 Storage 11 | . 14 14 11 Energy Gun 15 | . 26 28 11 Ballistic Gun 4 | . 1 . 6 Special Weapon 3 | . . . 3 Peak Build Rating 10 | 9 9 9 10 Average Rating 8 | 5 9 9 8 On Entrance 6 | . 9 9 9 Naked Turns . | . . . . Heaviest Build 13 | 12 12 12 13 Greatest Support 20 | 20 20 20 20 Greatest Overweight (x) 4 | . . . 4 Average Overweight (x) . | . . . . Largest Inventory Capacity 8 | 8 8 8 8 Average Capacity 7 | 7 8 8 8 Most Carried 8 | 5 4 5 8 Average Carried 5 | 2 2 4 6 Final Capacity 8 | 8 8 8 8 Final Carried 5 | 2 4 5 4 Class Distribution -------------------- 91% | Mutant 8% | Scavenger-Mutant Dominant Class ---------------- Mutant | -10/Materials Mutant | -10/Mines Mutant | -9/Materials Resources | -11 -10 -10 -9 ----------- Run | Yrd Mat Min Mat Matter Collected 443 | 285 . 16 142 Remotely . | . . . . Salvage Created 673 | 100 . 53 520 Parts 43 | 5 . 6 32 Haulers Intercepted . | . . . . Recyclers Shooed 3 | 1 . . 2 Parts Field Recycled . | . . . . Retrieved Matter . | . . . . Parts Self-Destructed . | . . . . Prevented . | . . . . Kills | -11 -10 -10 -9 ------- Run | Yrd Mat Min Mat Combat Hostiles Destroyed 17 | . . 3 14 Guns 17 | . . 3 14 Classes Destroyed 7 | 2 . 1 4 Worker 1 | . . . 1 Tunneler 1 | 1 . . . Recycler 1 | 1 . . . Watcher 2 | . . . 2 Swarmer 10 | . . 3 7 Grunt 4 | . . . 4 Sentry 3 | . . . 3 Best Kill Streak 8 | 2 . 3 8 Combat Bots Only 8 | . . 3 8 Max Kills in Single Turn 1 | 1 . 1 1 Gunslinging . | . . . . Exploded . | . . . . Melee . | . . . . Uniques/NPCs Destroyed . | . . . . Combat | -11 -10 -10 -9 -------- Run | Yrd Mat Min Mat Hostile Shots Fired 160 | . . 13 147 Missed 41 | . . 2 39 Hits 119 | . . 11 108 Projectile 119 | . . 11 108 Critical Strikes 5 | . . . 5 Damage Taken 1243 | . . 89 1154 Core 416 | . . 9 407 Absorbed by Shields . | . . . . Core Remaining (%) 98 | 100 . 96 . Volleys Fired 80 | 5 . 5 70 Largest 2 | 2 . 2 2 Hottest 150 | 60 . 90 150 Shots Fired 151 | 10 . 10 131 Gun 145 | 10 . 10 125 Cannon . | . . . . Launcher . | . . . . Special 6 | . . . 6 Kinetic 70 | 5 . . 65 Thermal 81 | 5 . 10 66 Explosive . | . . . . Electromagnetic . | . . . . Robot Hit Streak 16 | 3 . 1 16 Robot Miss Streak 5 | 2 . 3 5 Penetration Max . | . . . . Secondary Targets 6 | . . . 6 Max Gunslinging Chain 1 | . . . 1 Shots Hit Robots 80 | 6 . 3 71 Core Hits 39 | 3 . 3 33 Critical Kills . | . . . . Critical Parts Destroyed . | . . . . Critical Strikes . | . . . . Melee Attacks . | . . . . Impact . | . . . . Slashing . | . . . . Piercing . | . . . . Sneak Attacks . | . . . . Combat Hostiles . | . . . . Follow-up Attacks . | . . . . Damage Inflicted 955 | 69 3 36 847 Guns 952 | 69 . 36 847 Cannons . | . . . . Explosions . | . . . . Melee . | . . . . Ramming 3 | . 3 . . Kinetic 411 | 23 . . 388 Thermal 541 | 46 . 36 459 Explosive . | . . . . Electromagnetic . | . . . . Impact . | . . . . Slashing . | . . . . Piercing . | . . . . Highest Corruption . | . . . . Average Corruption . | . . . . Corruption Purged . | . . . . Corruption Blocked . | . . . . Overload Shots . | . . . . Overflow Damage . | . . . . Projectiles . | . . . . Explosions . | . . . . Melee . | . . . . Knockbacks . | . . . . Impact . | . . . . Kinetic . | . . . . Secondary . | . . . . Self-Inflicted Damage . | . . . . Shots . | . . . . Rammed . | . . . . Targets Rammed 1 | . 1 . . Kicked 1 | . 1 . . Crushed . | . . . . Highest Temperature 150 | . . 150 53 Average Temperature 27 | . . 75 14 Received Heat Transfer 366 | . . . 366 Siege Activations . | . . . . Martial Activations . | . . . . Shielding Activations . | . . . . Robots Disrupted . | . . . . Combat Hostiles . | . . . . Robots Corrupted . | . . . . Combat Hostiles . | . . . . Parts Fried . | . . . . Impact Corruptions . | . . . . Robots Melted . | . . . . Combat Hostiles . | . . . . Parts Melted 5 | . . 2 3 Heat Transferred 1426 | 100 . 87 1239 Parts Sabotaged . | . . . . Parts Stolen . | . . . . Parts Stripped . | . . . . Power Chain Reactions . | . . . . Alert | -11 -10 -10 -9 ------- Run | Yrd Mat Min Mat Maximum Alert Level . | . . . . Low Security (%) 100 | 100 100 100 100 Level 1 . | . . . . Level 2 . | . . . . Level 3 . | . . . . Level 4 . | . . . . Level 5 . | . . . . High Security . | . . . . Max Security . | . . . . Peak Influence 179 | 10 6 70 179 Initial 3 | . . . 3 Average 19 | 1 . 38 21 Influence Increases 554 | 10 9 70 465 Destroy 0b10 Robot/C 340 | . . 60 280 Destroy 0b10 Robot/NC 25 | 10 . . 15 Destroy Leader 64 | . . 10 54 Successful Hack 46 | . 9 . 37 Disable Machine 15 | . . . 15 Destroy Structure 4 | . . . 4 Lose Combat Pursuer 60 | . . . 60 Influence Decreases 375 | 10 9 60 296 Entered New Map 7 | . . . 7 Time Decay 278 | 10 9 60 199 Lost Part 90 | . . . 90 Squads Dispatched 1 | . 1 . . Investigation . | . . . . Extermination . | . . . . Reinforcement 1 | . 1 . . Assault . | . . . . Garrison . | . . . . Intercept . | . . . . Searches Triggered . | . . . . Construction Impeded . | . . . . Haulers Reinforced . | . . . . Active Scanning Responses . | . . . . Cargo Convoy Interrupts . | . . . . Stealth | -11 -10 -10 -9 --------- Run | Yrd Mat Min Mat Distress Signals 3 | . . . 3 Communications Jammed . | . . . . Distress Signals . | . . . . Times Spotted 30 | . 1 3 26 Peak Tracking Total 7 | . 2 3 7 Tactical Retreats 3 | . . . 3 Traps | -11 -10 -10 -9 ------- Run | Yrd Mat Min Mat Traps Triggered . | . . . . Indirectly . | . . . . Trap Hack Attempts . | . . . . Triggered . | . . . . Disarmed . | . . . . Reprogrammed . | . . . . Reused . | . . . . Traps Extracted . | . . . . Installed . | . . . . Triggered . | . . . . Machines | -11 -10 -10 -9 ---------- Run | Yrd Mat Min Mat Machines Disabled 1 | . . . 1 Max in Single Turn 1 | . . . 1 Machines Repaired . | . . . . Machines Dismantled . | . . . . Machines Sabotaged . | . . . . Overloaded Fab Kills . | . . . . Hacking | -11 -10 -10 -9 --------- Run | Yrd Mat Min Mat Machines Accessed 6 | . 2 . 4 Terminals 5 | . 1 . 4 Fabricators . | . . . . Repair Stations . | . . . . Recycling Units 1 | . 1 . . Scanalyzers . | . . . . Garrison Access . | . . . . Total Hacks 18 | . 6 . 12 Successful 11 | . 3 . 8 Failed 7 | . 3 . 4 Catastrophic 3 | . 1 . 2 Database Lockouts . | . . . . Manual 17 | . 6 . 11 Terminals 17 | . 5 . 12 Fabricators . | . . . . Repair Stations . | . . . . Recycling Units 1 | . 1 . . Scanalyzers . | . . . . Garrison Access . | . . . . Terminal Hacks 7 | . 2 . 5 Terminal Index 2 | . 1 . 1 Dispatch Records 2 | . . . 2 Surveillance Status 1 | . . . 1 Patrol Status 1 | . . . 1 Recall Reinforcements 1 | . 1 . . Fabricator Hacks . | . . . . Repair Station Hacks . | . . . . Recycling Unit Hacks . | . . . . Scanalyzer . | . . . . Garrison Access Hacks . | . . . . Unauthorized Hacks 4 | . 1 . 3 Terminals 3 | . . . 3 Botnet 2 | . . . 2 Operators 1 | . . . 1 Fabricators . | . . . . Repair Stations . | . . . . Recycling Units 1 | . 1 . . Reject 1 | . 1 . . Scanalyzers . | . . . . Garrison Access . | . . . . Data Cores Recovered . | . . . . Used . | . . . . Hacking Detections 3 | . 1 . 2 Full Trace Events 1 | . . . 1 Feedback Events . | . . . . Feedback Blocked . | . . . . Robot Schematics Acquired . | . . . . Robots Built . | . . . . Authchips . | . . . . Time . | . . . . Total Robot Build Rating . | . . . . Part Schematics Acquired . | . . . . Parts Built . | . . . . Authchips . | . . . . Time . | . . . . Total Part Build Rating . | . . . . Parts Repaired . | . . . . Time . | . . . . Parts Recycled . | . . . . Recycled Matter . | . . . . Retrieved Matter . | . . . . Retrieved Components . | . . . . Parts Scanalyzed . | . . . . Part Schematics Acquired . | . . . . Parts Damaged . | . . . . Bothacking | -11 -10 -10 -9 ------------ Run | Yrd Mat Min Mat Used RIF Installer . | . . . . Robots Hacked . | . . . . Non-combat . | . . . . Combat . | . . . . Robot Hacks Applied . | . . . . Relay Couplers Released . | . . . . Fabnet Peak Effective % . | . . . . Robots Rewired . | . . . . Allies Hacked . | . . . . Hacks Repelled . | . . . . Allies | -11 -10 -10 -9 -------- Run | Yrd Mat Min Mat Total Allies . | . . . . Largest Group . | . . . . Highest-Rated Group . | . . . . Highest-Rated Ally . | . . . . Total Orders . | . . . . Ally Attacks . | . . . . Total Damage . | . . . . Kills . | . . . . Allies Corrupted . | . . . . Allies Melted . | . . . . Intel | -11 -10 -10 -9 ------- Run | Yrd Mat Min Mat Active Infowar (turns) 772 | 21 86 121 544 Sensors 243 | . . . 243 Terrain 529 | 21 86 121 301 Robot Analysis Total . | . . . . Derelict Logs Recovered . | . . . . Drone Launches . | . . . . Drone Recoveries . | . . . . Exploration | -11 -10 -10 -9 ------------- Run | Yrd Mat Min Mat Turns Passed 1007 | 80 86 121 720 Spaces Moved 574 | 47 66 86 375 Core 19 | 13 . . 6 Treads . | . . . . Legs 537 | 34 66 86 351 Wheels 18 | . . . 18 Hover . | . . . . Flight . | . . . . Fastest Speed 50 | 50 120 120 80 Average Speed 118 | 100 120 120 119 Slowest Speed 250 | 120 120 120 250 Overloaded Moves . | . . . . Propulsion Burnouts . | . . . . Robots Hopped . | . . . . Potential Cave-ins 2 | . . . 2 Cave-ins Triggered . | . . . . Exploration Rate (%) 18 | 4 18 16 34 Regions Visited 3 Branch Regions 1 Pre-discovered Areas . | . . . . Known Exits Taken . | . . . . Unknown Exits Taken 3 | 1 1 1 . Scrap Searched 1 | . . 1 . Spaces Dug 4 | . . . 4 Terrain Destroyed 5 | . . . 5 Melee . | . . . . Projectile 5 | . . . 5 AOE . | . . . . Terrain Rammed . | . . . . Walls Destroyed . | . . . . Machines Disabled . | . . . . Actions | -11 -10 -10 -9 --------- Run | Yrd Mat Min Mat Total 744 | 69 71 94 510 Wait 49 | 2 1 3 43 Move 571 | 46 65 85 375 Hop . | . . . . Pick Up 19 | 9 2 1 7 Fast Attach . | . . . . Attach 15 | 7 . . 8 Detach 1 | . . . 1 Swap 7 | . 2 . 5 Drop 1 | . . . 1 Fire 80 | 5 . 5 70 Melee . | . . . . Ram . | . . . . Kick 1 | . 1 . . Crush . | . . . . Escape Stasis . | . . . . Rewire . | . . . . Trap . | . . . . Miscellaneous . | . . . . Route ------- -11/Scrapyard -10/Materials -10/Mines -9/Materials History --------- Turn | Location | Event 9 | -11/Scrapyard | Discovered new exit (range 15) 81 | -11/Scrapyard | Entered Materials 144 | -10/Materials | Discovered new exit (range 13) 167 | -10/Materials | Entered Mines 247 | -10/Mines | Discovered new exit (range 6) 288 | -10/Mines | Entered Materials 288 | -9/Materials | Evolved 2 slots: Propulsion x2 300 | -9/Materials | Build established: Mutant 889 | -9/Materials | Core integrity fell below 50% 913 | -9/Materials | Lost 4 parts (1p2n1w) 981 | -9/Materials | Core integrity fell below 20% 992 | -9/Materials | Lost 3 parts (2n1w) 1008 | -9/Materials | Destroyed by S-10 Pest with Light Assault Rifle Last Messages --------------- Wheel destroyed. K-01 Serf collects debris. Wheel destroyed. S-10 Pest destroyed. K-01 Serf collects debris. Destroyed Flight Unit. S-10 Pest destroyed. Switching to secondary target: S-10 Pest. W-16 Scout sends out distress signal. K-01 Serf collects debris. Destroyed Flight Unit. K-01 Serf collects debris. S-10 Pest destroyed. K-01 Serf collects debris. Lgt. Assault Rifle destroyed. K-01 Serf collects debris. G-34 Mercenary destroyed. K-01 Serf collects debris. Mining Laser destroyed. K-01 Serf collects debris. Map ----- +----------------------------------------------------+ | ?????????????????????????????????????????????????? | | ?????????????????????????????????????????????????? | | ?????????????????????????????????????????????????? | | ?????????????????????????????????????????????????? | | ?????????????????????????????????????????????????? | | ?????????????????????????????????????????????????? | | ?????????????????????????????????????????????????? | | ?????????????????????????????????????????????????? | | ?????????????????????????????????????????????????? | | ?????????????????????????????????????????????????? | | ?????????????????????????????????????????????????? | | ?????????????????????????????????????????????????? | | ?????????????????????????????????????????????????? | | ?????????????????????????????????????????????????? | | ?????????????????????????????????????????????????? | | ???????????????"""???????????????????????????????? | | ????????????????| "???????????????#####??????????? | | ????????????????? "##?????????????# #??????????? | | ?????????????????? ?????????????#|| #??????????? | | ??????????????????? ????????????#|| #??????????? | | ???????????????????? ????????????#| ??????????? | | ????????????????????# ???????????# #??????????? | | ???????###########??#" ???????????? ]???????????? | | ???????# =####%" ??????????? ???????????? | | ????#??# [+%a*=%u############+########## | | ???????# #??#*%uY@[[s um t | | ????#??# #??####k######## | | ???????# #?????##???????# %! | | ???????# #??????????????# %%#######+### | | ???????# #??????????????# #????????????? | | ?####### #??????????????# %#????????????? | | ?# ###+################?##### #????????????? | | ?# # ? ## #????????????? | | ?# # "?" ## #????????????? | | ?# # """ ## ##???????????? | | ## ############## # """ # ############# | | ####+#####?# # # """ # | | ! ### # # # " ! | | + + # # """ # | | """"""" ### # # """ # ############# | | """"""" #?# + # """ #######???????????# | | """"""" ### # # """ #?????????????????# | | """"""" #?# # + #?#??###????#???### | | """"""" #?# # # #?####T#######??# | | #?# # # #??# #??# | | ###"T"#######+####### ########### ##?# | | ??#"""##????# #???#?# #??# ! T # """ """ #??# | | ??#####?????# #???#?# ##?# # """ """ #??# | | ????????#??## #?????# #??# """ # """ """ #??# | | ????#?#????##+####### #??# """ # #??# | +----------------------------------------------------+ Best States ------------- Heat Dissipation 42 Energy Generation 10 Energy Capacity 250 Matter Stores 300 Matter Capacity 300 Sight Range 16 Robot Scan Range 14 Terrain Scan Range 16 Terrain Scan Density 10 Evasion (%) 55 Item Schematics ----------------- None Robot Schematics ------------------ None Fabricated ------------ Nothing Repaired ---------- Nothing Alien Tech Used ----------------- None Achievements -------------- None Challenges ------------ None Game ------ Seed BattleSapperChronowheel Manual? 0 Play Time 00:12:56 Cumulative 30.2 hours Start 2025.10.14 @ 00:22:51 End 2025.10.14 @ 00:33:17 Sessions 1 Manual Loads 0 Difficulty Rogue Special Mode None Game No. 75 Rogue 75 Adventurer 0 Explorer 0 Win Type - Total 0 Types 0/0/0/0/0/0/0/0/0/0 Lore% 23 Gallery% 30 Achievement% 28 Wizard Run 0 Options --------- Layout 2 ASCII 0 Keyboard 0 Movement Numpad Keybinds 0 Fullscreen 1 Font 24/Smallcaps Map View 50x44 Zoom Use 0% Tactical HUD 0 Map Filters NONE Filters NONE Steam 1 RUN: aabf999b-75c2-447c-b834-5f84aff96f4a